 Dungeon Crawl Stone Soup version 0.30.1-11-g7821555f0a (webtiles) character file.

Game seed: 2565343253777676146

1214 safid the Chiller (level 8, -15/64 HPs)
             Began as a Merfolk Ice Elementalist on Oct 31, 2023.
             Demolished by a two-headed ogre
             ... wielding a +0 giant club
              (21 damage)
             ... on level 5 of the Dungeon.
             The game lasted 00:08:29 (4935 turns).

safid the Chiller (Merfolk Ice Elementalist)        Turns: 4935, Time: 00:08:30

Health: -15/64     AC: 12    Str:  9    XL:     8   Next: 46%
Magic:  8/16       EV: 13    Int: 22    God:
Gold:   310        SH:  0    Dex: 14    Spells: 10/17 levels left

rFire   . . .        q - +2 dagger (drain)
rCold   . . .        (no shield)
rNeg    . . .        a - +0 robe
rPois   .            e - +0 helmet
rElec   .            v - +0 cloak
rCorr   .            (no gloves)
SInv    .            (no boots)
Will    .....        f - amulet of regeneration
Stlth   ++           x - +6 ring of intelligence
HPRegen 1.10/turn    (no ring)
MPRegen 0.15/turn

%: no passive effects
@: ice-armoured, freezing walls
A: (nimble swimmer 2), mertail
a: no special abilities


You were on level 5 of the Dungeon.
You visited 1 branch of the dungeon, and saw 5 of its levels.
You also visited: Sewer.

You collected 310 gold pieces.

Inventory:

Hand Weapons
 q - a +2 dagger of draining (weapon)
Armour
 a - a +0 robe (worn)
 e - a +0 helmet (worn)
 v - a +0 cloak (worn)
Jewellery
 f - an amulet of regeneration (around neck)
 x - a +6 ring of intelligence (left hand)
Wands
 t - a wand of iceblast (7)
 w - a wand of mindburst (12)
Scrolls
 c - a scroll of vulnerability {unknown}
 h - 2 scrolls of amnesia {unknown}
 m - 4 scrolls of identify {unknown}
 n - 4 scrolls of butterflies {unknown}
 o - 2 scrolls of enchant armour {unknown}
 y - 4 scrolls of noise {unknown}
 z - a scroll of fog {unknown}
 B - a scroll of poison {unknown}
Potions
 b - a potion of magic
 d - 4 potions of resistance {unknown}
 g - 3 potions of haste {unknown}
 i - 2 potions of might {unknown}
 j - 4 potions of mutation {unknown}
 k - 3 potions of curing {unknown}
 l - a potion of berserk rage {unknown}
 p - a potion of invisibility {unknown}
 r - a potion of heal wounds {unknown}
 s - a potion of lignification {unknown}
 u - a potion of degeneration {unknown}
 A - a potion of brilliance {unknown}


   Skills:
 + Level 5.8 Fighting
 + Level 3.9 Dodging
 - Level 2.1 Stealth
 + Level 5.3 Spellcasting
 + Level 7.6 Ice Magic


You had 10 spell levels left.
You knew the following spells:

 Your Spells              Type           Power      Damage    Failure   Level
a - Freeze                Ice            100%       1d10      1%          1
b - Frozen Ramparts       Ice            78%        1d12      1%          3
c - Ozocubu's Armour      Ice            39%        N/A       1%          3

Your spell library contained the following spells:

 Spells                   Type           Power      Damage    Failure   Level
 Summon Small Mammal      Summ           20%        N/A       10%         1
 Summon Ice Beast         Ice/Summ       22%        N/A       21%         4
 Call Canine Familiar     Summ           5%         N/A       28%         3
 Summon Guardian Golem    Hex/Summ       5%         N/A       28%         3
 Metabolic Englaciation   Hex/Ice        11%        N/A       50%         5
 Summon Forest            Summ/Tloc      2%         N/A       95%         5
 Yara's Violent Unravell  Hex/Tmut       2%         3d3       95%         5
 Ozocubu's Refrigeration  Ice            19%        4d11      98%         7


Dungeon Overview and Level Annotations

Branches:
Dungeon (5/15)              Sewer (visited)
 Temple: D:4-7

Altars:
Ru

Annotations:
D:3 1 runed translucent door, Crazy Yiuf


Innate Abilities, Weirdness & Mutations

((You are very nimble when in or above water. (Stealth+, EV+, Speed+++)))
Your lower body shifts to a powerful aquatic tail in water.


Message History

You now have 310 gold pieces (gained 12).
Found a stone staircase leading down.
A two-headed ogre comes into view.
It is wielding a +0 giant club and a +0 giant spiked club.
Casting: Frozen Ramparts (safe; 1% risk of failure)
Confirm with . or Enter, or press ? or * to list all spells.
Casting: Frozen Ramparts (safe; 1% risk of failure)
Press: ? - help, Dir - look around, f - activate The walls around you are covered in ice.
The two-headed ogre shouts in stereo!
The wall freezes the two-headed ogre!
Unknown command.
Casting: Frozen Ramparts (safe; 1% risk of failure)
Confirm with . or Enter, or press ? or * to list all spells.
A film of ice covers your body!
The wall freezes the two-headed ogre but does no damage.
The two-headed ogre hits you with a +0 giant club!!
The two-headed ogre hits you with a +0 giant spiked club!!
The wall freezes the two-headed ogre!
The two-headed ogre hits you with a +0 giant club!!
* * * LOW HITPOINT WARNING * * *
The two-headed ogre barely misses you.
Unknown command.
Casting: Ozocubu's Armour (safe; 1% risk of failure)
Confirm with . or Enter, or press ? or * to list all spells.
Aiming: Freeze (safe; 1% risk of failure)
Press: ? - help, Shift-Dir - straight line, f - two-headed ogre
Aim: a two-headed ogre, wielding a +0 giant club and a +0 giant spiked club (moderately wounded)
You freeze the two-headed ogre.
The two-headed ogre is heavily wounded.
Unknown command.
Casting: Freeze (safe; 1% risk of failure)
Confirm with . or Enter, or press ? or * to list all spells.
Aiming: Freeze (safe; 1% risk of failure)
Press: ? - help, Shift-Dir - straight line, f/p - two-headed ogre
Aim: a two-headed ogre, wielding a +0 giant club and a +0 giant spiked club (heavily wounded)
You freeze the two-headed ogre.
The two-headed ogre is heavily wounded.
The wall freezes the two-headed ogre!
The two-headed ogre hits you with a +0 giant club!!
You die...

..###..###
#.#
###..#.†...
...##.## #.#
#.###....
....### #.#
#.# #....
.....# #.#
#.# ##...
.....# #.#
### #...
.....# #.#
#... .....#
#.# #...
.....# #.#
#... .....#
#@# #...
.....#
#.....O....#
#... .....#
#..........#
#... ....##
#..........#
##.. ...##
#..........#
##. ..##
#.....>....#
.##
#..........#
##
############
#


You could see a two-headed ogre.

Vanquished Creatures
  Pikel (D:5)
  Prince Ribbit (D:5)
  Menkaure (D:5)
  A kobold brigand (Sewer)
  2 hounds (D:5)
  A jelly (D:4)
  4 gnolls
  10 adders
  8 river rats (Sewer)
  A worm (D:4)
  3 dart slugs
  12 endoplasms
  5 giant cockroaches
  3 goblins
  9 hobgoblins
  3 jackals (D:3)
  3 quokkas
  11 ball pythons
  7 bats
  3 frilled lizards (D:1)
  22 kobolds
  31 rats
142 creatures vanquished.

Notes
Turn   | Place    | Note
-------+----------+-------------------------------------------
     0 | D:1      | safid the Merfolk Ice Elementalist began the quest for the
                  | Orb.
     0 | D:1      | Reached XP level 1. HP: 13/13 MP: 3/3
   254 | D:1      | Reached XP level 2. HP: 8/20 MP: 1/5
   265 | D:1      | Reached skill level 1 in Fighting
   748 | D:1      | Reached XP level 3. HP: 26/26 MP: 6/6
  1240 | D:2      | Learned a level 3 spell: Frozen Ramparts
  1257 | D:2      | Reached skill level 5 in Ice Magic
  1261 | D:2      | Reached XP level 4. HP: 33/33 MP: 4/8
  1369 | D:2      | Got Sif Muna's Folio of the Unfortunate Tesseract
  1402 | D:2      | Found a faded altar of an unknown god.
  2077 | D:3      | Found a glowing drain.
  2094 | D:3      | Reached XP level 5. HP: 37/39 MP: 1/9
  2108 | D:3      | Learned a level 3 spell: Ozocubu's Armour
  2109 | Sewer    | Entered a sewer
  2222 | Sewer    | Noticed a kobold brigand
  2242 | Sewer    | Killed a kobold brigand
  2360 | Sewer    | Reached XP level 6. HP: 39/47 MP: 0/11
  2700 | Sewer    | Reached skill level 6 in Ice Magic
  3157 | D:3      | Found a runed translucent door.
  3158 | D:3      | Noticed Crazy Yiuf
  4053 | D:4      | Found a sacrificial altar of Ru.
  4269 | D:5      | Entered Level 5 of the Dungeon
  4269 | D:5      | Noticed Pikel
  4369 | D:5      | Killed Pikel
  4370 | D:5      | Reached skill level 5 in Fighting
  4370 | D:5      | Reached skill level 7 in Ice Magic
  4370 | D:5      | Reached XP level 7. HP: 50/56 MP: 7/14
  4370 | D:5      | Reached XP level 8. HP: 56/62 MP: 7/15
  4617 | D:5      | Reached skill level 5 in Spellcasting
  4684 | D:5      | Noticed Menkaure
  4693 | D:5      | Killed Menkaure
  4742 | D:5      | Noticed Prince Ribbit
  4786 | D:5      | Killed Prince Ribbit
  4930 | D:5      | Noticed a two-headed ogre
  4935 | D:5      | Demolished by a two-headed ogre

Illustrated notes

Levels and vault maps discovered:
D:1:      elethiomel_arrival_diamonds, layout_loops_corners,
          minmay_split_cup_large
D:2:      layout_basic, dreamdust_ecumenical_altar_statues
D:3:      layout_loops_ring, gup_sewer_entry_glass,
          hangedman_abyss_or_decor_stabs, uniq_crazy_yiuf_cottage
D:4:      cheibrodos_quashed, layout_rooms, lemuel_coloured_pillars_altar
D:5:      layout_rooms, mainiacjoe_overflow_alcove_4, kennysheep_big_empty_room,
          pf_guarded_unrand_woodcutter, uniq_pikel, uniq_prince_ribbit1,
          uniq_menkaure

Skill      XL: |  1  2  3  4  5  6  7  8 |
---------------+-------------------------+-----
Fighting       | 1 2 3 5 |  5.8
Ice Magic      | 5 7 |  7.6
Spellcasting   | 3 4 5 |  5.3
Dodging        | 3 |  3.9
Stealth        | |  2.1

Action                     |  1- 3 |  4- 6 |  7- 9 || total
---------------------------+-------+-------+-------++-------
  Melee: Unarmed           |     4 |       |       ||     4
         Dagger            |   105 |   203 |    12 ||   320
         Punch             |     1 |     5 |       ||     6
         Tailslap          |       |     7 |       ||     7
   Cast: Freeze            |    32 |    47 |     2 ||    81
         Frozen Ramparts   |       |    13 |     6 ||    19
         Ozocubu's Armour  |       |     9 |     4 ||    13
   Stab: Sleeping          |     3 |     7 |       ||    10
 Armour: Robe              |    40 |    71 |     3 ||   114
  Dodge: Dodged            |    96 |   169 |    10 ||   275
